 Dungeon Crawl Stone Soup version 0.23.2-33-g5129a83184 (webtiles) character file.

Game seed: 14264114424870687433

219 AarnesTheHuman the Skirmisher (level 5, 0/44 HPs)
             Began as a Barachi Fighter on Aug 6, 2019.
             Slain by Pikel
             ... wielding a +1 whip of freezing
              (2 damage)
             ... on level 6 of the Dungeon.
             The game lasted 00:04:08 (2505 turns).

AarnesTheHuman the Skirmisher (Barachi Fighter)     Turns: 2505, Time: 00:04:09

Health: 0/44       AC:  8    Str: 18    XL:     5   Next: 96%
Magic:  5/5        EV:  7    Int:  8    God:
Gold:   166        SH:  9    Dex: 12    Spells: 4/4 levels left

rFire    . . .     SeeInvis .   a - +0 long sword
rCold    . . .     Gourm    .   c - +0 shield
rNeg     . . .     Faith    .   b - +0 scale mail
rPois    .         Spirit   .   (no helmet)
rElec    .         Reflect  .   (no cloak)
rCorr    .         Harm     .   p - +0 pair of gloves
MR       .....                  (no boots)
Stlth    ..........             (no amulet)
HPRegen  0.14/turn              (no ring)
MPRegen  0.09/turn              (no ring)

@: slow
A: +LOS, swims, slowness 1, strong legs 1
a: Hop


You were on level 6 of the Dungeon.
You were not hungry.

You visited 1 branch of the dungeon, and saw 4 of its levels.

You collected 166 gold pieces.

Inventory:

Hand Weapons
 a - a +0 long sword (weapon)
Armour
 b - a +0 scale mail (worn)
 c - a +0 shield (worn)
 p - a +0 pair of gloves (worn)
Jewellery
 h - an uncursed ring of ice {unknown}
Scrolls
 e - 2 scrolls of teleportation {unknown}
 i - 6 scrolls of identify {unknown}
 k - 3 scrolls of fear {unknown}
 n - a scroll of remove curse {unknown}
 o - a scroll of fog {unknown}
Potions
 d - a potion of might
 j - a potion of curing {unknown}
 l - a potion of agility {unknown}
 m - a potion of berserk rage {unknown}
Comestibles
 f - 5 rations
 g - 2 chunks of flesh


   Skills:
 + Level 5.0 Fighting
 + Level 4.1 Long Blades
 + Level 5.0 Armour
 + Level 4.4 Shields


You had 4 spell levels left.
You didn't know any spells.
Your spell library contained the following spells:

 Spells                   Type           Power        Failure   Level  Hunger
 Beastly Appendage        Tmut           #.....       99%         1    ##.....
 Sticks to Snakes         Tmut           #.......     100%        2    ###....
 Spider Form              Tmut/Pois      #.........   100%        3    ####...
 Ice Form                 Ice/Tmut       #.......     100%        4    #####..
 Blade Hands              Tmut           #.........   100%        5    ######.


Dungeon Overview and Level Annotations

Branches:
Dungeon (3/15)

Altars:
Nemelex Xobeh
Sif Muna
Vehumet

Annotations:
D:6 Pikel


Innate Abilities, Weirdness & Mutations

Shadows flee at your approach. (+LOS)
You can swim through water.
You cover ground slowly.
You can hop short distances.


Message History

Pikel hits you but does no damage.
You block the killer bee zombie's attack.
You closely miss Pikel.
Pikel is lightly wounded.
The killer bee zombie hits you.
* * * LOW HITPOINT WARNING * * *
The killer bee zombie hits you.
* * * LOW HITPOINT WARNING * * *
Pikel hits you with a +1 whip of freezing.
* * * LOW HITPOINT WARNING * * *
Pikel freezes you.
* * * LOW HITPOINT WARNING * * *
You barely miss Pikel.
Pikel is lightly wounded.
The killer bee zombie hits you but does no damage. x2
You block Pikel's attack.
The killer bee zombie hits you but does no damage.
Pikel says, "You'll fetch a fair price!"
Pikel hits you with a +1 whip of freezing.
You die...

#.# #.# ##
#.# .. #p#
!. #K# .#
#.# #.####
#.# .....
#†# ##Z.#
#.######@#
#....ppK##
######p#.#
#.##.# #.#
## #?. ###


You could see Pikel, 3 slaves and a killer bee zombie.

Vanquished Creatures
  A scorpion (D:2)
  Jessica (D:2)
  3 gnolls
  4 adders
  An ooze (D:2)
  2 dart slugs (D:1)
  3 leopard geckos (D:1)
  3 orcs
  3 giant cockroaches
  11 goblins
  5 hobgoblins
  6 jackals
  A quokka (D:6)
  7 bats
  2 frilled lizards (D:1)
  7 kobolds
  7 rats
67 creatures vanquished.

Notes
Turn   | Place    | Note
-------+----------+-------------------------------------------
     0 | D:1      | AarnesTheHuman the Barachi Fighter began the quest for the
                  | Orb.
     0 | D:1      | Reached XP level 1. HP: 18/18 MP: 1/1
    39 | D:1      | Reached XP level 2. HP: 10/25 MP: 2/2
   397 | D:1      | Reached XP level 3. HP: 30/30 MP: 3/3
   996 | D:2      | Found a radiant altar of Vehumet.
  1045 | D:2      | Reached XP level 4. HP: 32/37 MP: 4/4
  1314 | D:2      | Noticed Jessica
  1331 | D:2      | Killed Jessica
  1331 | D:2      | Reached XP level 5. HP: 43/43 MP: 5/5
  1455 | D:2      | Found a sparkling altar of Nemelex Xobeh.
  2178 | D:3      | Reached skill level 5 in Fighting
  2298 | D:3      | Found a deep blue altar of Sif Muna.
  2313 | D:3      | Reached skill level 5 in Armour
  2483 | D:3      | You fall through a shaft for 3 floors!
  2483 | D:6      | Noticed a slave
  2483 | D:6      | Noticed a slave
  2484 | D:6      | Noticed Pikel
  2498 | D:6      | Noticed a slave
  2500 | D:6      | Noticed a slave
  2504 | D:6      | HP: 2/44 [Pikel/+1 whip of freezing (1)]
  2505 | D:6      | Slain by Pikel

Skill      XL: |  1  2  3  4  5 |
---------------+----------------+-----
Fighting       | 4 5 |  5.0
Armour         | 4 5 |  5.0
Long Blades    | 3 4 |  4.1
Shields        | 4 |  4.4

Action                   |  1- 3 |  4- 6 || total
-------------------------+-------+-------++-------
Melee: Long sword        |   101 |   121 ||   222
  Eat: Chunk             |     1 |     5 ||     6
Armor: Scale mail        |    69 |    64 ||   133
Dodge: Dodged            |    54 |    39 ||    93
Block: Shield            |    67 |    79 ||   146
       Rpst.: Long sword |    25 |    10 ||    35
